 Dungeon Crawl Stone Soup version 0.17.1-2-g5865329 (webtiles) character file.

163539 abixa the Bludgeoner (level 17, -1/196 HPs)
             Began as an Ogre Warper on Jan 23, 2016.
             Was the Champion of Okawaru.
             Killed from afar by a deep elf high priest (22 damage)
             ... with a burst of hellfire
             ... on level 3 of the Elven Halls on Jan 24, 2016.
             The game lasted 03:19:25 (41654 turns).

abixa the Bludgeoner (Ogre Warper)                 Turns: 41654, Time: 03:19:25

Health: -1/196     AC: 16    Str: 20    XL:     17   Next: 83%
Magic:  0/31       EV: 17    Int: 13    God:    Okawaru [******]
Gold:   2767       SH:  0    Dex: 13    Spells: 6 memorised, 14 levels left

rFire  + . .     SeeInvis .     a - +8 giant spiked club of Laceration {speed, rPois MR+ Dex+4}
rCold  + . .     Clarity  .     N - +4 moon troll leather armour {Spirit, Regen++ MP+5}
rNeg   + . .     SustAt   .     (shield currently unavailable)
rPois  +         Gourm    .     S - +1 hat {MR+}
rElec  .         Spirit   +     x - +0 cloak "Jatocism" {rF+ Regen+ Int-4 Stlth+}
rCorr  .         Warding  +     (gloves unavailable)
rMut   .         Stasis   .     (boots unavailable)
MR     +++..                    f - brooch of Shielding {Ward rN+ AC+4 EV+4}
Stlth  ++........               p - ring of protection from cold
                                H - +2 ring of slaying

@: extremely resistant to hostile enchantments, unstealthy
A: unfitting armour, tough skin 1
a: Heroism, Finesse, Renounce Religion


You were on level 3 of the Elven Halls.
You worshipped Okawaru.
Okawaru was exalted by your worship.
You were hungry.

You visited 5 branches of the dungeon, and saw 31 of its levels.
You also visited: Ossuary and Ice Cave.

You collected 3809 gold pieces.
You spent 1042 gold pieces at shops.

Inventory:

Hand Weapons
 a - the +8 giant spiked club of Laceration (weapon) {speed, rPois MR+ Dex+4}
   (Okawaru gifted it to you on level 5 of the Lair of Beasts)

   Attacks with this weapon are significantly faster.
   It affects your dexterity (+4).
   It protects you from poison.
   It affects your resistance to hostile enchantments.
 b - a +9 blowgun
Missiles
 q - 6 curare-tipped needles
 P - 13 tomahawks
 V - 3 silver javelins (quivered)
 X - 48 large rocks
 Z - 5 tomahawks of dispersal
Armour
 x - the +0 cloak "Jatocism" (worn) {rF+ Regen+ Int-4 Stlth+}
   (You bought it in a shop on level 4 of the Orcish Mines)

   It affects your intelligence (-4).
   It protects you from fire.
   It increases your rate of regeneration.
   It makes you more stealthy.
 I - the +0 cloak of Miracles {rF+ rCorr MP+9}
   (Okawaru gifted it to you on level 8 of the Lair of Beasts)

   It protects you from fire.
   It affects your magic capacity (+9).
   It protects you from acid and corrosion.
 L - the +0 ice dragon armour "Neavvu" {rF- rC++ rN+ Int+5}
   (Okawaru gifted it to you on level 3 of the Elven Halls)

   It affects your intelligence (+5).
   It makes you vulnerable to fire.
   It greatly protects you from cold.
   It protects you from negative energy.
 N - the +4 moon troll leather armour (worn) {Spirit, Regen++ MP+5}
   (You found it on level 8 of the Lair of Beasts)

   It affects your magic capacity (+5).
   It increases your rate of regeneration.
 S - a +1 hat of magic resistance (worn)
Magical Staves
 O - an uncursed staff of energy
Jewellery
 f - the brooch of Shielding (around neck) {Ward rN+ AC+4 EV+4}
   (You bought it in a shop on level 11 of the Dungeon)

   [amulet of warding]

   It may prevent the melee attacks of summoned creatures.
   It affects your AC (+4).
   It affects your evasion (+4).
   It protects you from negative energy.
 p - a ring of protection from cold (right hand)
 B - a cursed amulet of inaccuracy {unknown}
 D - an uncursed ring of protection from fire
 F - an uncursed ring of flight
 H - a +2 ring of slaying (left hand)
 J - an uncursed ring of positive energy
 K - an uncursed ring of see invisible
 R - the ring "Jiorupin" {+/*Tele rN+ Dex+3}
   (You found it on level 3 of the Elven Halls)

   [ring of teleportation]

   It may teleport you next to monsters, and can be evoked to randomly teleport.
   It affects your dexterity (+3).
   It protects you from negative energy.
 T - the ring of No Interval {+Inv Dex+3, unknown}
   (You found it on level 3 of the Elven Halls)

   [ring of invisibility]

   It affects your dexterity (+3).
   It lets you turn invisible.
 Y - the ring "Ovadoved" {*Confuse MR+ EV+4 Int+5, unknown}
   (You took it off a deep elf mage on level 3 of the Elven Halls)

   [ring of evasion]

   It affects your evasion (+4).
   It affects your intelligence (+5).
   It affects your resistance to hostile enchantments.
   It may confuse you when you take damage.
Wands
 h - a wand of heal wounds (5)
 k - a wand of disintegration (4)
 m - a wand of draining (2)
 W - a wand of paralysis (8)
Scrolls
 d - 5 scrolls of blinking
 i - a scroll of recharging {unknown}
 n - 2 scrolls of summoning {unknown}
 r - 6 scrolls of fog
 s - 8 scrolls of teleportation
 w - 3 scrolls of magic mapping
 y - 15 scrolls of remove curse
 z - 6 scrolls of fear
 C - 3 scrolls of vulnerability
Potions
 c - 13 potions of heal wounds
 e - 6 potions of haste
 o - 15 potions of curing
 u - 5 potions of might
 v - a potion of flight
 A - 4 potions of cancellation
 E - 2 potions of agility
Books
 j - a book of Spatial Translocations

   Spells                             Type                      Level
   a - Apportation                    Translocation                1
   b - Blink                          Translocation                2
   c - Shroud of Golubria             Charms/Translocation         2
   d - Portal Projectile              Translocation                3
   e - Teleport Other                 Translocation                3
   f - Passage of Golubria            Translocation                4
 U - Fiebitiann's Catalogue of the Escort and Evil
   (You found it on level 3 of the Elven Halls)

   Spells                             Type                      Level
   a - Pain                           Necromancy                   1
   b - Summon Ice Beast               Ice/Summoning                4
   c - Control Undead                 Necromancy                   4
   d - Summon Lightning Spire         Summoning/Air                4
   e - Aura of Abjuration             Summoning                    5
Miscellaneous
 M - a phial of floods
Comestibles
 g - a meat ration
 l - a bread ration
 t - 27 fruits
 G - a beef jerky


   Skills:
 + Level 18.4 Fighting
 + Level 19.4 Maces & Flails
 - Level 11.4 Throwing
 + Level 6.6 Armour
 + Level 7.5 Dodging
 + Level 6.5 Spellcasting
 + Level 9.2 Charms
 + Level 9.4 Translocations
 - Level 1.3 Invocations


You had 14 spell levels left.
You knew the following spells:

 Your Spells              Type           Power        Failure   Level  Hunger
a - Apportation           Tloc           ####......   1%          1    None
b - Blink                 Tloc           N/A          1%          2    #......
c - Shroud of Golubria    Chrm/Tloc      ####......   1%          2    #......
d - Portal Projectile     Tloc           ####..       1%          3    ###....
e - Teleport Other        Tloc           ####....     1%          3    ###....
f - Passage of Golubria   Tloc           N/A          4%          4    ####...


Dungeon Overview and Level Annotations

Branches:
Dungeon (15/15)            Temple (1/1) D:5            Lair (8/8) D:8
 Shoals (0/4) Lair:4        Snake (0/4) Lair:5        Slime (0/6) Lair:8
    Orc (4/4) D:9             Elf (3/3) Orc:3        Vaults (0/5) D:13
 Depths (0/5) D:15

Altars:
Ashenzari
Cheibriados
Dithmenos
Elyvilon
Fedhas
Gozag
Kikubaaqudgha
Makhleb
Nemelex Xobeh
Okawaru
Qazlal
Ru
Sif Muna
Trog
Vehumet
Xom
Yredelemnul
Zin
The Shining One
Beogh

Shops:
D:6 %   D:11 *   D:12 :   Orc:4 :[!*

Annotations:
D:6 exclusion: upstairs
D:8 1 runed door, angel behind
Lair:2 !8-headed


Innate Abilities, Weirdness & Mutations

You are too large for most types of armour.
You have tough skin (AC +1).


Message History

* * * LOW HITPOINT WARNING * * *
The ice devil freezes you. You resist.
* * * LOW HITPOINT WARNING * * *
The deep elf high priest calls down the wrath of its god upon you.
The hellfire explodes!
The burst of hellfire engulfs you!
* * * LOW HITPOINT WARNING * * *
The burst of hellfire engulfs the ice devil.
The ice devil dies!
A deep elf annihilator comes into view. It is wielding a long sword.
The deep elf annihilator shouts!
Drink which item? (? for menu, Esc to quit)
You feel much better.
The deep elf annihilator mumbles some strange words.
The deep elf annihilator blinks!
The deep elf high priest calls down the wrath of its god upon you.
Something smites you!
* * * LOW HITPOINT WARNING * * *
The deep elf high priest invokes the aid of its god against you.
The hellfire explodes!
The burst of hellfire engulfs you!
You die...

.......# #####
.......# #)!.
.......# ###'##
.......# ##(..)##
.....⌠.# #}..|..#
.......# +.=)..)###
...#...# #(:..))'.#
...##'####..[.[)#.#
...##.}.[##..).##@#
....##.:..##'###..#
.....##).)...##[.x#
......#########4.|#
#.............#[(##
..........⌠..e)##
.......)x### .
......ee###....
..........e.(..


You could see a deep elf high priest, a red devil and a deep elf mage.

Vanquished Creatures
  Norris (Elf:2)
  A deep elf blademaster (Elf:3)
  A deep elf master archer (Elf:3)
  Gastronok (D:8)
  Kirke (D:12)
  Donald (Elf:2)
  2 deep elf sorcerers
  The ghost of DishwasherDemon the Warrior, a journeyman MiFi of Makhleb (Orc:2)
  8 deep elf demonologists (Elf:3)
  3 dire elephants (Lair:8)
  6 deep elf annihilators (Elf:3)
  The ghost of Bubs the Protected, a journeyman DsAK of Lugonu (Lair:4)
  3 deep elf death magi (Elf:3)
  A fire dragon (D:15)
  A deep elf high priest (Elf:3)
  An ice dragon (D:15)
  An anaconda (Lair:8)
  2 ogre magi (Orc:4)
  6 centaur warriors
  2 hydras
  Erica (D:8)
  15 dancing weapons (Elf:2)
  3 catoblepae
  The ghost of HEYYEYAAE the Fighter, a journeyman VSCK of Xom (D:12)
  An orc high priest (Elf:1)
  A shock serpent (Lair:5)
  4 death yaks
  The ghost of Charly the Cleaver, a novice HOBe of Trog (D:11)
  17 deep elf knights
  3 skeletal warriors (D:12)
  An ice devil (IceCv)
  2 deep elf summoners
  2 deep trolls (Orc:4)
  A swamp dragon (shapeshifter) (Elf:3)
  Pikel (D:5)
  4 hill giants
  12 deep elf conjurers
  An unseen horror (D:10)
  2 wizards
  An orc sorcerer (Orc:4)
  An orc knight (Orc:2)
  An oklob plant (D:6)
  2 necromancers
  10 ugly things
  A griffon (Lair:8)
  9 black mambas
  5 cyclopes
  An elephant (shapeshifter) (D:11)
  4 elephants (Lair:8)
  Maurice (D:12)
  5 gargoyles
  A black mamba (shapeshifter) (D:14)
  A siren (Lair:4)
  3 ice statues (IceCv)
  Psyche (D:9)
  2 torpor snails
  A kobold demonologist (Elf:1)
  13 spiny frogs
  13 komodo dragons
  A redback zombie (D:15)
  3 fire drakes
  6 blue devils (IceCv)
  9 deep elf priests
  A tengu conjurer (D:15)
  3 merfolk (Lair:4)
  12 trolls
  A polar bear (Lair:5)
  16 slime creatures
  13 blink frogs
  9 two-headed ogres
  2 shadows (D:15)
  A tarantella (shapeshifter) (Lair:4)
  A wraith (D:13)
  24 deep elf magi
  2 basilisks
  4 hogs (D:12)
  58 yaks
  3 hungry ghosts
  Grum (D:8)
  3 vampire mosquitoes
  2 wyverns
  18 deep elf fighters
  A golden eye (shapeshifter) (Elf:1)
  16 wolves
  2 soldier ants
  11 hippogriffs
  24 water moccasins
  A swamp drake (D:9)
  Duvessa (D:4)
  2 wargs
  A black bear (Lair:1)
  21 orc warriors
  4 phantoms
  9 porcupines
  4 ice beasts
  3 eyes of draining
  4 boggarts
  22 ogres
  2 wasps
  A sky beast (D:9)
  27 centaurs
  10 crocodiles
  4 big kobolds
  13 giant frogs
  A wyvern skeleton (D:14)
  4 scorpions
  Dowan (D:4)
  A water moccasin skeleton (D:8)
  7 killer bees
  4 wights (D:13)
  7 crimson imps
  3 giant frog zombies
  8 jellies
  5 centaur zombies
  3 centaur skeletons
  A draconian simulacrum (IceCv)
  39 orc wizards
  28 orc priests
  7 hounds
  4 giant frog skeletons
  9 iguanas
  6 hell rats (Lair:6)
  4 worker ants
  A troll simulacrum (IceCv)
  3 sheep (D:15)
  3 big kobold zombies (Ossuary)
  A centaur simulacrum (IceCv)
  A hound zombie (D:3)
  A hound skeleton (D:5)
  4 mummies (Ossuary)
  2 worker ant zombies
  15 adders
  6 naga simulacra (IceCv)
  An ogre simulacrum (IceCv)
  61 river rats
  12 gnolls
  5 shadow imps
  12 white imps (D:15)
  18 oozes
  An adder zombie (D:3)
  4 worms
  6 giant geckos
  211 orcs
  A ball python (D:1)
  11 hobgoblins
  11 jackals
  2 quokkas
  18 bats
  5 giant cockroaches
  8 giant newts
  13 goblins
  A goblin zombie (D:8)
  3 hobgoblin zombies (Ossuary)
  A jackal zombie (D:6)
  32 kobolds
  A quokka skeleton (D:4)
  A quokka zombie (D:8)
  16 rats
  2 fungi
  4 plants (Lair:8)
1209 creatures vanquished.

Vanquished Creatures (others)
  A deep elf blademaster (Elf:3)
  A deep elf knight (Elf:3)
  3 slaves (D:6)
  A water moccasin skeleton (D:6)
  A hound (D:6)
  A worker ant (D:6)
  A river rat (Lair:2)
  36 fungi
  21 plants
66 creatures vanquished.

Grand Total: 1275 creatures vanquished

Notes
Turn   | Place    | Note
--------------------------------------------------------------
     0 | D:1      | abixa the Ogre Warper began the quest for the Orb.
     0 | D:1      | Reached XP level 1. HP: 22/22 MP: 3/3
   179 | D:1      | Reached skill level 3 in Maces & Flails
   376 | D:1      | Reached XP level 2. HP: 29/29 MP: 5/5
   844 | D:1      | Reached skill level 4 in Maces & Flails
  1172 | D:2      | Reached XP level 3. HP: 27/36 MP: 6/6
  1243 | D:2      | Learned a level 2 spell: Blink
  1246 | D:2      | Learned a level 2 spell: Shroud of Golubria
  1471 | D:2      | Reached skill level 5 in Maces & Flails
  1989 | D:2      | Reached XP level 4. HP: 44/44 MP: 7/7
  2541 | D:3      | HP: 2/45 [adder (3)]
  2548 | D:3      | HP: 1/45 [poisoned by an adder]
  2824 | D:3      | Reached XP level 5. HP: 49/53 MP: 8/8
  3270 | D:3      | Reached skill level 6 in Maces & Flails
  3637 | D:4      | Noticed an ogre
  3654 | D:4      | Killed an ogre
  3654 | D:4      | Reached XP level 6. HP: 62/62 MP: 9/9
  3659 | D:4      | Learned a level 3 spell: Portal Projectile
  3698 | D:4      | Noticed Dowan
  3724 | D:4      | Killed Dowan
  3743 | D:4      | Noticed Duvessa
  3798 | D:4      | Noticed an eye of draining
  3826 | D:4      | Killed an eye of draining
  3826 | D:4      | Reached skill level 7 in Maces & Flails
  3847 | D:4      | Found a bloodstained altar of Trog.
  3847 | D:4      | Noticed an eye of draining
  3854 | D:4      | Killed an eye of draining
  3854 | D:4      | Reached XP level 7. HP: 71/71 MP: 0/10
  3922 | D:4      | Killed Duvessa
  4374 | D:5      | Entered Level 5 of the Dungeon
  4389 | D:4      | Reached skill level 5 in Fighting
  4711 | D:5      | Reached skill level 8 in Maces & Flails
  5039 | D:4      | Reached skill level 5 in Throwing
  5198 | D:5      | Found a staircase to the Ecumenical Temple.
  5314 | D:6      | Reached XP level 8. HP: 61/81 MP: 11/11
  5467 | D:6      | Noticed a hill giant
  6282 | D:5      | Reached skill level 9 in Maces & Flails
  7204 | D:6      | Noticed Pikel
  7263 | D:5      | Killed Pikel
  7263 | D:5      | Reached skill level 10 in Maces & Flails
  7263 | D:5      | Reached XP level 9. HP: 85/92 MP: 12/12
  7586 | D:6      | Found Ocyxoliyty's Food Shoppe.
  7874 | Temple   | Entered the Ecumenical Temple
  7914 | Temple   | Became a worshipper of Warmaster Okawaru
  8713 | D:6      | Noticed an oklob plant
  9204 | D:6      | Killed a hill giant
  9204 | D:6      | Reached skill level 11 in Maces & Flails
  9438 | D:6      | Killed an oklob plant
  9515 | D:7      | Reached XP level 10. HP: 86/104 MP: 13/13
  9734 | D:6      | Reached skill level 12 in Maces & Flails
 10739 | D:7      | Reached * piety under Okawaru
 12121 | D:8      | Found a sparkling altar of Nemelex Xobeh.
 12122 | D:8      | Found a shimmering altar of Xom.
 12157 | D:8      | Reached skill level 1 in Invocations
 12229 | D:8      | Found a sand-covered staircase.
 12329 | Ossuary  | Entered an ossuary
 12874 | D:8      | Reached ** piety under Okawaru
 12874 | D:8      | Reached skill level 10 in Fighting
 12884 | D:8      | Noticed Erica
 12888 | D:8      | Noticed Grum
 13093 | D:8      | Found a staircase to the Lair.
 13238 | Lair:1   | Entered Level 1 of the Lair of Beasts
 13940 | Lair:1   | Reached *** piety under Okawaru
 14240 | Lair:1   | Reached XP level 11. HP: 109/124 MP: 14/14
 14566 | Lair:2   | Noticed an eight-headed hydra
 14747 | Lair:2   | Reached skill level 1 in Charms
 15643 | Lair:2   | Reached skill level 13 in Maces & Flails
 16772 | Lair:1   | Learned a level 3 spell: Teleport Other
 16791 | Lair:1   | Reached **** piety under Okawaru
 16879 | D:8      | Killed Grum
 16932 | D:8      | Found a blossoming altar of Fedhas.
 17332 | D:8      | Found a radiant altar of Vehumet.
 17430 | D:8      | Received a gift from Okawaru
 17524 | D:8      | Found a glowing golden altar of the Shining One.
 17524 | D:8      | Noticed an angel
 17525 | D:8      | Found a runed door.
 17607 | D:8      | Killed Erica
 17721 | D:8      | Noticed Gastronok
 18404 | D:9      | Noticed Psyche
 18408 | D:9      | Killed Psyche
 18426 | D:9      | Got an ichor-stained large shield
 18442 | D:9      | Identified the +2 large shield "Ituir" {MR+ Slay+2} (You found it on level 9 of the Dungeon)
 19316 | D:9      | Found a staircase to the Orcish Mines.
 19645 | Orc:1    | Entered Level 1 of the Orcish Mines
 19991 | Lair:3   | Reached XP level 12. HP: 109/136 MP: 15/15
 20100 | Lair:3   | Reached ***** piety under Okawaru
 20232 | Lair:3   | Received a gift from Okawaru
 20353 | Lair:3   | Reached skill level 10 in Throwing
 20806 | Lair:3   | Reached skill level 14 in Fighting
 21722 | Lair:4   | Noticed a seven-headed hydra
 21726 | Lair:4   | Noticed a catoblepas
 21726 | Lair:4   | Killed a seven-headed hydra
 21726 | Lair:4   | Received a gift from Okawaru
 21736 | Lair:4   | Killed a catoblepas
 21868 | Lair:4   | Received a gift from Okawaru
 22008 | Lair:4   | Found a staircase to the Shoals.
 22622 | Lair:4   | Received a gift from Okawaru
 22983 | Lair:4   | Got a slimy dire flail {god gift}
 22984 | Lair:4   | Identified the +8 dire flail "Killer Klown's Doom" {crush, rC+} (Okawaru gifted it to you on level 4 of the Lair of Beasts)
 23233 | Lair:4   | Noticed Sonja
 23235 | Lair:4   | Noticed Sonja
 23235 | Lair:4   | Sonja changed into Sonja the shapeshifter
 23343 | Lair:4   | Reached skill level 5 in Translocations
 23343 | Lair:4   | Reached XP level 13. HP: 128/148 MP: 16/16
 23656 | Lair:4   | Noticed Bubs's ghost (journeyman DsAK)
 23724 | Lair:3   | Reached skill level 5 in Charms
 24200 | Lair:5   | Received a gift from Okawaru
 24200 | Lair:5   | Reached skill level 15 in Fighting
 24455 | Lair:5   | Got an ichor-stained giant spiked club {god gift}
 24456 | Lair:5   | Identified the +8 giant spiked club of Laceration {speed, rPois MR+ Dex+4} (Okawaru gifted it to you on level 5 of the Lair of Beasts)
 24677 | Lair:5   | Found a staircase to the Snake Pit.
 24860 | Lair:5   | Identified a scroll of acquirement
 25971 | Lair:6   | Received a gift from Okawaru
 25971 | Lair:6   | Reached skill level 15 in Maces & Flails
 26257 | Lair:6   | Received a gift from Okawaru
 26429 | Lair:6   | Identified a +2 rod of the swarm (13/13) (You found it on level 6 of the Lair of Beasts)
 27413 | Orc:2    | Noticed DishwasherDemon's ghost (journeyman MiFi)
 28096 | Orc:2    | You fall through a shaft!
 28148 | Orc:3    | Found a staircase to the Elven Halls.
 28559 | Orc:2    | Killed DishwasherDemon's ghost
 28790 | Orc:4    | Entered Level 4 of the Orcish Mines
 28790 | Orc:4    | Found a roughly hewn altar of Beogh.
 29054 | Orc:4    | Reached XP level 14. HP: 114/159 MP: 17/17
 29285 | Orc:4    | Received a gift from Okawaru
 29286 | Orc:4    | Got a fine giant spiked club {god gift}
 29478 | Orc:4    | Reached skill level 16 in Maces & Flails
 29616 | Orc:4    | Found a roughly hewn altar of Beogh.
 29686 | Orc:4    | Found Tazxo's Assorted Antiques.
 29689 | Orc:4    | Found Gere Vestef's Distillery.
 30037 | Orc:4    | Found Saux's Armour Shoppe.
 30038 | Orc:4    | Bought a scroll labeled XULUIV OFOWNE for 29 gold pieces
 30038 | Orc:4    | Bought a scroll labeled QOTO WUYNIER for 29 gold pieces
 30038 | Orc:4    | Bought an emerald ring for 145 gold pieces
 30057 | Orc:4    | Found Feobbublaxt's Book Boutique.
 30149 | Orc:4    | Bought the cursed +0 cloak "Jatocism" {rF+ Regen+ Int-4 Stlth+} for 148 gold pieces
 30370 | Lair:1   | Learned a level 4 spell: Passage of Golubria
 30481 | Lair:7   | Reached ****** piety under Okawaru
 30881 | Lair:7   | Received a gift from Okawaru
 31554 | Lair:8   | Entered Level 8 of the Lair of Beasts
 31705 | Lair:8   | Received a gift from Okawaru
 31742 | Lair:8   | Found a staircase to the Slime Pits.
 31781 | Lair:8   | Reached skill level 17 in Maces & Flails
 32189 | Lair:8   | Received a gift from Okawaru
 32257 | Lair:8   | Reached skill level 1 in Armour
 32455 | Lair:8   | Received a gift from Okawaru
 32456 | Lair:8   | Got a spiked cloak {god gift}
 32834 | Lair:8   | Got a warped lead ring
 33060 | Lair:4   | Killed Bubs's ghost
 33060 | Lair:4   | Reached XP level 15. HP: 132/171 MP: 18/18
 33295 | D:8      | Killed Gastronok
 33365 | D:10     | Entered Level 10 of the Dungeon
 33565 | D:10     | Identified the +0 cloak of Miracles {rF+ rCorr MP+9} (Okawaru gifted it to you on level 8 of the Lair of Beasts)
 33663 | D:10     | Identified the ring of Azeniz {Wiz *Corrode Dex+5} (You found it on level 8 of the Lair of Beasts)
 33806 | D:10     | Identified the +4 giant spiked club of Viliriu {crush, Dex+3} (Okawaru gifted it to you on level 4 of the Orcish Mines)
 34081 | D:11     | Found Quheaff's General Store.
 34094 | D:11     | Bought the brooch of Shielding {Ward rN+ AC+4 EV+4} for 667 gold pieces
 34094 | D:11     | Bought a scroll of identify for 24 gold pieces
 34119 | D:11     | Found a sacrificial altar of Ru.
 34268 | D:11     | Noticed Charly's ghost (novice HOBe)
 34273 | D:11     | Killed Charly's ghost
 34414 | D:12     | Noticed Maurice
 34418 | D:12     | Killed Maurice
 34674 | D:12     | Noticed HEYYEYAAE's ghost (journeyman VSCK)
 34685 | D:12     | Killed HEYYEYAAE's ghost
 34991 | D:12     | Noticed Kirke
 35116 | D:12     | Killed Kirke
 35116 | D:12     | Received a gift from Okawaru
 35284 | D:12     | Found Siciceg's Book Boutique.
 35439 | D:13     | Reached skill level 18 in Maces & Flails
 35662 | D:13     | Received a gift from Okawaru
 35670 | D:13     | Found a gate to the Vaults.
 35753 | D:13     | Got a brightly glowing cloak
 36085 | D:13     | Identified the +1 cloak of Parts Unknown {rCorr Str-3 Dex+4} (You acquired it on level 13 of the Dungeon)
 36989 | D:15     | Entered Level 15 of the Dungeon
 37051 | D:15     | Reached XP level 16. HP: 108/183 MP: 13/19
 37117 | D:15     | Received a gift from Okawaru
 37117 | D:15     | Reached skill level 5 in Dodging
 37143 | D:15     | Found a frozen archway.
 37171 | IceCv    | Entered an ice cave
 37765 | D:15     | Found a staircase to the Depths.
 38853 | Orc:3    | Received a gift from Okawaru
 38866 | Elf:1    | Entered Level 1 of the Elven Halls
 39070 | Elf:1    | Reached skill level 5 in Armour
 39087 | Elf:1    | Received a gift from Okawaru
 39217 | Elf:1    | Received a gift from Okawaru
 39441 | Elf:1    | Received a gift from Okawaru
 39953 | Elf:2    | Noticed Norris
 39977 | Elf:2    | Killed Norris
 39991 | Elf:2    | Found a runed gate.
 39991 | Elf:2    | Found a runed gate.
 39992 | Elf:2    | Found a runed gate.
 40058 | Elf:2    | Noticed Donald
 40074 | Elf:2    | Killed Donald
 40473 | Elf:2    | Reached XP level 17. HP: 155/193 MP: 23/24
 40562 | Elf:2    | Reached skill level 5 in Spellcasting
 40571 | Elf:2    | Reached skill level 19 in Maces & Flails
 40974 | Elf:3    | Entered Level 3 of the Elven Halls
 41088 | Elf:3    | Received a gift from Okawaru
 41106 | Elf:3    | Noticed a Brimstone Fiend
 41106 | Elf:3    | Noticed a deep elf blademaster
 41127 | Elf:3    | Killed a deep elf blademaster
 41364 | Elf:3    | Noticed a deep elf master archer
 41416 | Elf:3    | Killed a deep elf master archer
 41416 | Elf:3    | Received a gift from Okawaru
 41417 | Elf:3    | Got a crude ice dragon armour {god gift}
 41419 | Elf:3    | Identified the +0 ice dragon armour "Neavvu" {rF- rC++ rN+ Int+5} (Okawaru gifted it to you on level 3 of the Elven Halls)
 41468 | Elf:3    | Identified Advanced Steps in Theurgy
 41517 | Elf:3    | Got a slimy lead ring
 41520 | Elf:3    | Got a sparkling glass ring
 41538 | Elf:3    | Identified Fiebitiann's Catalogue of the Escort and Evil
 41540 | Elf:3    | Got a shimmering iron ring
 41546 | Elf:3    | Identified the ring "Jiorupin" {+/*Tele rN+ Dex+3} (You found it on level 3 of the Elven Halls)
 41628 | Elf:3    | Noticed a deep elf blademaster
 41640 | Elf:3    | Killed a deep elf blademaster
 41650 | Elf:3    | HP: 9/196 [deep elf high priest/burst of hellfire (37)]
 41654 | Elf:3    | Killed from afar by a deep elf high priest

Action                   |  1- 3 |  4- 6 |  7- 9 | 10-12 | 13-15 | 16-18 || total
-------------------------+-------+-------+-------+-------+-------+-------++-------
Melee: Mace              |    99 |   114 |    48 |   377 |       |       ||   638
       Whip              |       |       |    41 |    52 |       |       ||    93
       Flail             |       |       |   307 |   133 |       |       ||   440
       Giant spiked club |       |       |     3 |   356 |   968 |   632 ||  1959
       Dire flail        |       |       |       |    15 |    43 |       ||    58
 Fire: Blowgun           |       |    37 |    51 |    37 |       |       ||   125
Throw: Stone             |    37 |    84 |   169 |    96 |       |       ||   386
       Tomahawk          |       |       |     9 |   266 |   483 |    62 ||   820
       Javelin           |       |       |     2 |    11 |    54 |    20 ||    87
       Large rock        |       |       |       |    10 |       |     6 ||    16
       Throwing net      |       |       |       |       |     1 |       ||     1
 Cast: Blink             |       |       |     4 |       |       |       ||     4
       Shroud of Golubri |       |       |       |     9 |     8 |     1 ||    18
       Teleport Other    |       |       |       |       |     2 |       ||     2
Evoke: Wand              |       |       |       |     4 |     3 |     5 ||    12
  Use: Scroll            |       |       |     2 |    13 |    17 |     5 ||    37
       Potion            |       |       |       |       |       |     1 ||     1
 Stab: Distracted        |       |     1 |     1 |       |     1 |     2 ||     5
       Sleeping          |       |     1 |     3 |       |     2 |     1 ||     7
       Paralysed         |       |       |       |       |     3 |       ||     3
  Eat: Chunk             |     3 |     4 |    19 |    43 |    40 |    18 ||   127
       Fruit             |       |     2 |       |     2 |     3 |       ||     7
